Map: Neon Violet Square LE

Players

Serral - Winner!

  • Race: Zerg Zerg
  • League: Grandmaster
  • Spawn Location: 11:00

Clem

  • Race: Terran Terran
  • League: Grandmaster
  • Spawn Location: 5:00

Event: WESG Barcelona European Finals 2017

VOD

Have the link to the VOD?

Description

Time

  • Played on: Nov. 24, 2017, 6:31 a.m.
  • Length: 11:55

All games in this series

Show
View Real Time Build Order
Export as new Build Order

Serral Zerg - Winner!

Build Orders: Pool First 

Get SALT Encoding   

  12  0:00  Drone  
  13  0:12  Overlord  
  13  0:17  Drone  
  14  0:32  Drone x2  
  14  0:34  Drone  
  17  0:46  Spawning Pool  
  17  0:48  Drone  
  17  1:09  Hatchery  
  16  1:13  Drone  
  16  1:16  Extractor  
  16  1:17  Drone  
  17  1:21  Drone  
  18  1:33  Queen  
  18  1:34  Zergling x2  
  21  1:41  Overlord  
  21  1:51  Drone  
  23  2:01  Drone  
  23  2:08  Queen  
  23  2:12  Drone  
  23  2:15  Metabolic Boost  
  26  2:21  Drone  
  27  2:22  Queen  
  27  2:28  Drone  
  30  2:36  Zergling x2  
  31  2:37  Drone  
  31  2:43  Drone x3  
  31  2:44  Drone  
  36  2:57  Hatchery  
  35  3:01  Overlord  
  35  3:06  Overlord  
  35  3:08  Drone  
  36  3:14  Overlord  
  36  3:19  Queen  
  38  3:21  Drone  
  38  3:24  Drone x2  
  38  3:27  Zergling x2  
  42  3:29  Zergling x2  
  42  3:31  Drone  
  44  3:34  Drone  
  44  3:35  Drone  
  44  3:37  Drone  
  44  3:39  Zergling x2  
  44  3:41  Zergling x2  
  49  3:45  Drone  
  49  3:46  Drone  
  51  3:49  Drone x2  
  51  3:50  Drone  
  54  3:55  Queen  
  54  3:59  Zergling x2  
  57  4:03  Lair  
  57  4:05  Drone  
  57  4:09  Extractor  
  57  4:10  Drone, Baneling Nest  
  57  4:13  Drone  
  57  4:17  Queen  
  58  4:19  Drone  
  58  4:21  Overlord  
  62  4:24  Zergling x2  
  62  4:26  Overlord  
  62  4:36  Overlord  
  62  4:39  Overlord  
  62  4:44  Drone  
  62  4:45  Drone x5, Spore Crawler  
  68  4:48  Drone x3  
  68  4:50  Drone  
  71  4:54  Drone x2  
  71  4:57  Overlord  
  71  4:58  Drone  
  71  4:59  Drone  
  75  5:01  Drone  
  75  5:04  Baneling x4  
  75  5:05  Baneling x2  
  75  5:07  Overseer  
  75  5:11  Extractor  
  75  5:12  Extractor  
  75  5:13  Drone  
  75  5:14  Drone x3, Extractor  
  76  5:16  Zergling x4  
  76  5:19  Zergling x2  
  76  5:20  Zergling x2  
  81  5:22  Extractor  
  81  5:23  Drone  
  81  5:24  Hydralisk Den, Baneling  
  81  5:26  Drone x2  
  81  5:28  Drone  
  83  5:30  Zergling x4  
  85  5:39  Drone  
  85  5:40  Drone x2  
  79  5:44  Drone x3  
  79  5:48  Drone x2  
  79  5:49  Drone x2  
  81  5:57  Zergling x8  
  81  5:59  Muscular Augments  
  84  6:04  Evolution Chamber  
  84  6:06  Queen  
  84  6:08  Drone x2  
  84  6:09  Drone  
  88  6:13  Hatchery  
  88  6:16  Drone x2, Extractor  
  88  6:17  Zergling x2  
  88  6:18  Zergling x4  
  91  6:20  Pneumatized Carapace  
  91  6:24  Zergling x10  
  96  6:29  Hatchery  
  96  6:32  Centrifical Hooks  
  96  6:33  Drone  
  96  6:34  Evolution Chamber  
  96  6:36  Zerg Missile Weapons Level 1  
  96  6:41  Overlord  
  96  6:47  Overlord x4  
  96  6:56  Baneling x7  
  96  6:59  Hydralisk  
  96  7:00  Hydralisk x3  
  104  7:05  Hydralisk x2  
  108  7:10  Hydralisk  
  108  7:11  Hydralisk  
  108  7:14  Zerg Melee Weapons Level 1  
  112  7:15  Hydralisk  
  112  7:18  Drone x3  
  112  7:19  Drone  
  112  7:22  Drone, Infestation Pit  
  118  7:23  Drone  
  118  7:26  Overlord  
  119  7:32  Hydralisk x2  
  119  7:33  Zergling x4  
  119  7:37  Drone, Overlord  
  125  7:40  Overlord  
  125  7:43  Baneling x4  
  125  7:44  Baneling x3  
  126  7:46  Drone x4  
  126  7:50  Queen  
  132  7:56  Baneling x9  
  132  7:57  Baneling  
  132  8:03  Zergling x16  
  131  8:09  Hive  
  131  8:10  Overlord  
  131  8:12  Overlord  
  129  8:13  Drone x2  
  129  8:14  Drone  
  129  8:15  Drone  
  129  8:18  Overlord  
  129  8:19  Drone x2  
  135  8:22  Overlord  
  135  8:25  Zergling x4  
  135  8:26  Zergling x6  
  140  8:32  Baneling x2  
  140  8:33  Baneling  
  140  8:39  Overseer  
  140  8:42  Hatchery, Extractor x2  
  140  8:46  Hydralisk x3, Zerg Missile Weapons Level 2  
  143  8:59  Zergling x20  
  152  9:03  Drone x3  
  152  9:05  Drone x2  
  152  9:08  Zerg Ground Armor Level 1  
  154  9:11  Drone x3  
  154  9:13  Zergling x16  
  165  9:22  Hydralisk x4  
  173  9:27  Spine Crawler  
  173  9:29  Spore Crawler  
  167  9:32  Viper x4  
  179  9:40  Drone x2  
  179  9:41  Drone, Ultralisk Cavern  
  180  9:49  Zergling x16  
  187  10:03  Hydralisk x4  
  187  10:04  Zergling x10  
  187  10:05  Zergling x6  
  181  10:13  Zergling x22  
  189  10:27  Zergling x12  
  195  10:31  Baneling x15  
  195  10:37  Overseer  
  195  10:40  Spire  
  195  10:41  Spine Crawler x2  
  195  10:42  Spore Crawler  
  191  10:43  Drone x2  
  191  10:45  Zergling x8  
  191  10:46  Zergling x2  
  192  10:58  Baneling x9  
  192  10:59  Baneling x4  
  192  11:00  Zergling x2  
  192  11:01  Zergling x10  
  197  11:16  Hatchery  
  195  11:24  Zergling x16  
  193  11:37  Overlord x2  
Show
View Real Time Build Order
Export as new Build Order

Clem Terran 

Build Orders: Reaper Expand, Mech 

Get SALT Encoding   

  12  0:00  SCV  
  13  0:13  SCV  
  14  0:18  Supply Depot  
  14  0:25  SCV  
  15  0:40  SCV  
  15  0:42  Barracks  
  16  0:45  Refinery  
  16  0:52  SCV  
  17  1:04  SCV  
  18  1:16  SCV  
  19  1:28  Orbital Command  
  19  1:32  Reaper  
  20  1:41  Command Center  
  20  1:49  Supply Depot  
  20  1:53  SCV  
  21  2:04  Marine  
  22  2:10  SCV  
  22  2:14  Refinery  
  23  2:17  Factory  
  23  2:22  SCV  
  24  2:34  SCV  
  24  2:37  Barracks Reactor  
  24  2:46  SCV  
  25  2:58  SCV  
  26  3:00  Orbital Command  
  26  3:02  Starport  
  26  3:10  SCV  
  27  3:16  Hellion x2  
  27  3:19  Barracks Tech Lab  
  31  3:22  SCV  
  31  3:26  SCV  
  33  3:30  Supply Depot  
  33  3:34  SCV  
  33  3:37  Hellion x2  
  33  3:38  SCV  
  39  3:46  SCV  
  39  3:48  Viking  
  42  3:50  SCV  
  42  3:52  Supply Depot  
  43  3:58  SCV  
  43  3:59  Hellion  
  43  4:01  Hellion  
  43  4:02  SCV  
  49  4:11  SCV  
  49  4:14  SCV  
  49  4:15  Armory  
  51  4:18  Medivac  
  51  4:19  Supply Depot  
  51  4:23  SCV  
  54  4:27  SCV  
  54  4:28  Hellion  
  54  4:29  Hellion  
  59  4:35  SCV  
  60  4:39  SCV  
  60  4:42  Supply Depot  
  61  4:47  Supply Depot  
  61  4:48  SCV  
  61  4:49  Hellion  
  61  4:50  Hellion  
  61  4:51  SCV  
  67  5:00  SCV  
  67  5:03  SCV  
  68  5:11  Hellion x2  
  68  5:12  SCV  
  73  5:14  Barracks Tech Lab  
  73  5:15  SCV  
  73  5:16  Command Center  
  73  5:17  Supply Depot  
  74  5:21  Starport Reactor  
  74  5:27  Factory x2  
  74  5:29  SCV  
  74  5:32  Hellion  
  74  5:34  Refinery  
  74  5:35  SCV, Refinery  
  78  5:42  SCV, Hellion  
  78  5:47  SCV  
  73  5:53  Hellion  
  73  5:54  SCV  
  70  5:58  Terran Vehicle Weapons Level 1  
  70  6:00  SCV  
  69  6:06  SCV  
  69  6:09  Supply Depot  
  70  6:12  SCV  
  70  6:16  Hellion x2  
  70  6:18  SCV  
  76  6:19  Refinery  
  76  6:21  Refinery  
  76  6:26  Thor  
  76  6:28  Orbital Command  
  82  6:35  Thor  
  82  6:36  SCV  
  82  6:37  SCV  
  90  6:43  Hellion  
  94  6:47  Hellion  
  94  6:48  SCV  
  94  6:49  SCV, Medivac x2  
  100  6:54  Supply Depot  
  100  6:55  SCV  
  100  6:57  Supply Depot  
  100  7:00  SCV  
  102  7:02  SCV  
  102  7:04  Hellion  
  102  7:07  SCV  
  108  7:08  Hellion  
  108  7:09  Supply Depot  
  108  7:12  SCV  
  108  7:14  Siege Tank  
  112  7:17  Liberator  
  112  7:18  Liberator  
  112  7:19  Command Center  
  112  7:20  Hellion  
  114  7:27  Hellion  
  114  7:28  Infernal Pre-Igniter  
  118  7:30  Hellion  
  124  7:45  Factory  
  124  7:46  Factory  
  124  7:55  Terran Vehicle Weapons Level 2  
  124  7:56  Siege Tank  
  124  7:57  Hellion  
  124  7:58  Hellion  
  131  8:00  Liberator  
  131  8:04  Siege Tank  
  116  8:09  SCV x2  
  100  8:13  SCV  
  100  8:18  Hellion  
  104  8:21  SCV  
  107  8:27  Hellion  
  107  8:28  Siege Tank  
  110  8:35  Engineering Bay  
  110  8:36  Supply Depot, Siege Tank  
  113  8:49  Hellion x2  
  113  8:54  Factory Tech Lab  
  117  8:59  Viking  
  117  9:00  Siege Tank  
  117  9:02  Supply Depot  
  122  9:08  Siege Tank  
  119  9:10  Hellion x2  
  119  9:16  Siege Tank  
  128  9:26  Planetary Fortress  
  128  9:32  Hellion x2, Siege Tank  
  128  9:34  Factory Reactor  
  128  9:37  Smart Servos  
  133  9:40  Siege Tank  
  133  9:42  Refinery  
  133  9:44  Refinery  
  133  9:45  SCV x2  
  133  9:48  SCV, Siege Tank  
  135  9:53  Hellion x2  
  135  9:57  SCV x2  
  135  9:59  Command Center  
  139  10:00  SCV  
  139  10:03  SCV  
  139  10:04  Siege Tank  
  139  10:09  SCV x2  
  139  10:13  Hellion  
  141  10:20  Siege Tank  
  144  10:29  Armory  
  144  10:34  Siege Tank  
  147  10:41  Viking  
  147  10:42  Viking  
  151  10:46  Supply Depot  
  146  10:50  SCV x3  
  146  10:51  SCV  
  146  10:55  Siege Tank  
  150  11:02  SCV x2  
  151  11:13  Viking  
  151  11:15  Hellion, Siege Tank  
  151  11:18  SCV x2  
  153  11:25  Viking  
  139  11:32  SCV x2  
  130  11:33  SCV x2  
  130  11:34  Hellion  
Tags
 
Add a new tag
Caveats
  • Supply blocks, unpowered buildings, or Contaminate may cause inaccurate times.
  • Supply counts are checked every 10 seconds.